 Dungeon Crawl Stone Soup version 0.23-a0-4-g8f018a2 (webtiles) character file.

14 Goblin1989 the Insei (level 2, -1/21 HPs)
             Began as a Demonspawn Transmuter on July 31, 2018.
             Slain by a kobold (2 damage)
             ... on level 1 of the Dungeon.
             The game lasted 00:03:43 (889 turns).

Goblin1989 the Insei (Demonspawn Transmuter)         Turns: 889, Time: 00:03:43

Health: -1/21      AC:  2    Str: 10    XL:     2   Next: 27%
Magic:  5/5        EV: 12    Int: 14    God:
Gold:   32         SH:  0    Dex: 13    Spells: 4/5 levels left

rFire    . . .     SeeInvis .   o - -2 whip (curse)
rCold    . . .     Gourm    .   (no shield)
rNeg     . . .     Faith    .   b - +0 robe
rPois    .         Spirit   .   (no helmet)
rElec    .         Reflect  .   (no cloak)
rCorr    .         Harm     .   (no gloves)
MR       .....                  (no boots)
Stlth    +.........             (no amulet)
HPRegen  0.07/turn              (no ring)
MPRegen  0.09/turn              (no ring)

@: no status effects
A: talons 1
a: no special abilities


You were on level 1 of the Dungeon.
You were not hungry.

You visited 1 branch of the dungeon, and saw 1 of its levels.

You collected 32 gold pieces.

Inventory:

Hand Weapons
 o - a cursed -2 whip (weapon)
Missiles
 a - 27 arrows
 i - 73 stones (quivered) {@Q3}
 j - 7 poisoned needles
Armour
 b - a +0 robe (worn)
 g - a +0 cloak
Potions
 h - a potion of flight {unknown}
 n - a potion of haste {@q3,}
 p - a potion of degeneration {unknown}
Comestibles
 e - 2 rations


   Skills:
 - Level 1.0 Fighting
 - Level 1.7 Dodging
 - Level 3.0 Unarmed Combat
 - Level 2.0 Spellcasting
 + Level 2.3 Transmutations


You had 4 spell levels left.
You knew the following spells:

 Your Spells              Type           Power        Failure   Level  Hunger
a - Beastly Appendage     Tmut           #.....       9%          1    ##.....

Your spell library contained the following spells:

 Spells                   Type           Power        Failure   Level  Hunger
 Spider Form              Tmut/Pois      #.........   41%         3    ####...
 Blade Hands              Tmut           #.........   94%         5    ######.
 Ice Form                 Ice/Tmut       #.......     82%         4    #####..
 Sticks to Snakes         Tmut           #.......     14%         2    ###....


Dungeon Overview and Level Annotations

Branches:
Dungeon (1/15)

Altars:


Innate Abilities, Weirdness & Mutations

You have sharp toenails.


Message History

You closely miss the kobold. The kobold hits you.
You hit the kobold.
The kobold is moderately wounded.
The kobold barely misses you.
You completely miss the kobold.
The kobold is moderately wounded.
The kobold misses you.
You closely miss the kobold.
The kobold is moderately wounded.
The kobold hits you.
You take 1 damage, and have 13/21 hp.
You closely miss the kobold. Your kick misses the kobold.
The kobold is moderately wounded.
The kobold barely misses you.
You miss the kobold.
The kobold is moderately wounded.
The kobold hits you.
You take 3 damage, and have 10/21 hp.
You are too injured to fight recklessly!
You are too injured to fight recklessly!
You are too injured to fight recklessly!
You are too injured to fight recklessly!
You are too injured to fight recklessly!
You are too injured to fight recklessly!
You are too injured to fight recklessly!
You are too injured to fight recklessly!
You are too injured to fight recklessly!
You are too injured to fight recklessly!
You are too injured to fight recklessly!
You are too injured to fight recklessly!
You are too injured to fight recklessly!
You are too injured to fight recklessly!
You are too injured to fight recklessly!
You are too injured to fight recklessly!
You are too injured to fight recklessly!
You are too injured to fight recklessly!
You are too injured to fight recklessly!
You are too injured to fight recklessly!
You are too injured to fight recklessly!
You are too injured to fight recklessly!
You are too injured to fight recklessly!
You are too injured to fight recklessly!
You are too injured to fight recklessly!
You are too injured to fight recklessly!
You are too injured to fight recklessly!
You are too injured to fight recklessly!
You hit the kobold.
The kobold is heavily wounded.
The kobold hits you.
* * * LOW HITPOINT WARNING * * *
You take 4 damage, and have 6/21 hp.
You hit the kobold.
You kill the kobold!
You closely miss the rat. You claw the rat, but do no damage.
The rat barely misses you.
You barely miss the rat. The rat closely misses you. The rat barely misses you.
You hit the rat. You claw the rat, but do no damage.
The rat is moderately wounded.
The rat bites you but does no damage.
You barely miss the rat.
The rat is moderately wounded.
The rat bites you.
* * * LOW HITPOINT WARNING * * *
You take 2 damage, and have 4/21 hp.
You hit the rat but do no damage.
The rat is moderately wounded.
The rat bites you.
* * * LOW HITPOINT WARNING * * *
You take 1 damage, and have 3/21 hp.
You closely miss the rat. You claw the rat.
The rat is severely wounded.
The rat bites you but does no damage.
You hit the rat but do no damage.
The rat is severely wounded.
The rat bites you but does no damage.
You closely miss the rat.
The rat is severely wounded.
The rat bites you.
* * * LOW HITPOINT WARNING * * *
You take 1 damage, and have 3/21 hp.
You hit the rat but do no damage. Your kick misses the rat.
The rat is severely wounded.
The rat barely misses you.
You closely miss the rat.
The rat is severely wounded.
The rat barely misses you.
You completely miss the rat.
The rat is severely wounded.
The rat barely misses you.
You hit the rat.
You kill the rat!
The kobold throws a stone.
The stone barely misses you.
The kobold throws a stone.
The stone hits you.
* * * LOW HITPOINT WARNING * * *
You take 2 damage, and have 1/21 hp.
The kobold barely misses you.
Things that are here:
a rat corpse; a kobold corpse You closely miss the kobold.
Your kick misses the kobold. The kobold hits you.
You die...

▓▓███▓▓▓
▓·.....███████
▓▓··▓█..K@..(██
▓▓··███████..████
▓▓···▓▓▓▓██....████
▓▓▓····▓▓████....██
▓▓▓▓▓>·▓▓▓▓████..█████
▓····▓····▓▓▓▓██......
▓····▓▓▓▓····▓


███████ ▓····▓ ▓▓▓▓·▓▓ ▓····▓▓▓▓ ▓··▓ You could see a kobold.

Vanquished Creatures
  A dart slug (D:1)
  3 bats (D:1)
  A giant cockroach (D:1)
  A goblin (D:1)
  A hobgoblin (D:1)
  A kobold (D:1)
  2 rats (D:1)
10 creatures vanquished.

Notes
Turn   | Place    | Note
-------+----------+-------------------------------------------
     0 | D:1      | Goblin1989 the Demonspawn Transmuter began the quest for the Orb.
     0 | D:1      | Reached XP level 1. HP: 15/15 MP: 3/3
   176 | D:1      | Reached skill level 3 in Unarmed Combat
   420 | D:1      | Gained mutation: You have sharp toenails. [demonic ancestry]
   420 | D:1      | Reached XP level 2. HP: 16/21 MP: 5/5
   887 | D:1      | HP: 1/21 [kobold/stone (2)]
   889 | D:1      | Slain by a kobold

Vault maps used:
D:1:      dpeg_arrival_shelter

Skill      XL: |  1 |
---------------+----+-----
Unarmed Combat | 3 |  3.0
Transmutations | 2 |  2.3
Fighting       | |  1.0
Dodging        | |  1.7
Spellcasting   | |  2.0

Action                   || total
-------------------------++-------
Melee: Unarmed           ||    44
       Whip              ||    25
       Kick              ||     3
  Use: Scroll            ||     2
Armor: Robe              ||    24
Dodge: Dodged            ||    63

Table legend:
 A = Spawn XP
 B = Non-spawn XP
 C = Spawn XP percentage of total XP
 D = Spawn monster count
 E = Non-spawn monster count
 F = Spawn count percentage of total count
 G = Total turns spent on level
                    A         B        C        D         E        F      G
               +---------+---------+-------+---------+---------+-------+---------
         Total |       0 |      20 |   0.0 |       0 |      10 |   0.0 |   889
               +---------+---------+-------+---------+---------+-------+---------
           D:1 |       0 |      20 |   0.0 |       0 |      10 |   0.0 |   889
               +---------+---------+-------+---------+---------+-------+---------

Vault maps used:
D:1:      dpeg_arrival_shelter
